[Event "EYCC Open U8 2018"]
[Site "Riga"]
[Date "2018.08.20"]
[Round "1"]
[White "Udipi, Kala Kishan"]
[Black "Ivanov, Andrey A"]
[Result "0-1"]
[ECO "D31"]
[WhiteElo "1756"]
[BlackElo "2180"]
[Annotator "NA"]
[PlyCount "102"]
[EventDate "2018.08.20"]
[EventType "swiss"]
[EventCountry "LAT"]
[SourceTitle "playchess.com"]
[Source "ChessBase"]
[SourceQuality "1"]
[TimeControl "40/5400+30:1800+30"]

1. d4 e6 2. c4 d5 3. Nc3 c6 4. e3 Bd6 5. Nf3 Nd7 {[%emt 0:02:13] LiveBook: 7 Games} 6. Be2 f5 7. cxd5 exd5 8. Bd3 g6 9. Qc2 Ngf6 $11 10. O-O O-O 11. Rb1 Ne4 12. b4 b5 13. Nxe4 fxe4 14. Qxc6 exf3 15. Qxd5+ Kh8 16. Qxa8 Qh4 17. h3 Qg5 18. Qxf3 Rxf3 19. e4 Qh4 20. gxf3 Qxh3 21. e5 Nxe5 22. dxe5 Qxf3 23. exd6 Bh3 24. Bb2+ Kg8 25. Be4 Qxe4 26. f3 Qh4 27. Be5 Bxf1 28. Rxf1 Qg5+ 29. Kf2 Qxe5 30. Rd1 Qe8 31. d7 Qd8 32. Kg3 Kf7 33. Kf4 Ke6 34. a3 h6 35. Kg4 Qxd7 36. Rxd7 Kxd7 37. Kf4 a6 38. Ke5 h5 39. Kf4 Kd6 40. Kg5 Kd5 41. Kf4 h4 42. Kg4 g5 43. f4 gxf4 44. Kxf4 Kc4 45. Kg4 Kb3 46. Kxh4 Kxa3 47. Kg4 Kxb4 48. Kf3 Kc3 49. Ke2 Kc2 50. Ke3 b4 51. Kd4 b3 0-1

[Event "EYCC Open U8 2018"]
[Site "Riga"]
[Date "2018.08.20"]
[Round "1"]
[White "Hajdu, Marton Abris"]
[Black "Kovaler, Filipp"]
[Result "1-0"]
[ECO "B13"]
[WhiteElo "1694"]
[BlackElo "1113"]
[Annotator "NA"]
[PlyCount "51"]
[EventDate "2018.08.20"]
[EventType "swiss"]
[EventCountry "LAT"]
[SourceTitle "playchess.com"]
[Source "ChessBase"]
[SourceQuality "1"]
[TimeControl "40/5400+30:1800+30"]

1. e4 c6 2. d4 d5 3. exd5 cxd5 4. c4 Nf6 5. Nc3 Nc6 6. Nf3 Bg4 7. cxd5 Nxd5 8. Qb3 Bxf3 9. gxf3 Nb6 10. d5 Ne5 11. Bb5+ Ned7 12. Bf4 Rc8 13. O-O g6 14. Rfe1 Bg7 15. Bd6 Bf6 16. Bxe7 Bxe7 17. d6 O-O 18. dxe7 Qc7 19. exf8=Q+ Rxf8 20. Nd5 Nxd5 21. Qxd5 Nf6 22. Qe5 Qb6 23. Rad1 a6 24. Rd6 Qxb5 25. Qxb5 axb5 26. Rxf6 1-0

[Event "EYCC Open U8 2018"]
[Site "Riga"]
[Date "2018.08.20"]
[Round "1"]
[White "Golovchenko, Bogdan"]
[Black "Sarafis, Rafail"]
[Result "1-0"]
[ECO "B01"]
[WhiteElo "1560"]
[BlackElo "1047"]
[Annotator "NA"]
[PlyCount "103"]
[EventDate "2018.08.20"]
[EventType "swiss"]
[EventCountry "LAT"]
[SourceTitle "playchess.com"]
[Source "ChessBase"]
[SourceQuality "1"]
[TimeControl "40/5400+30:1800+30"]

1. e4 d5 2. exd5 Qxd5 3. Nc3 Qd6 4. Nf3 Nf6 5. d4 c6 6. Be3 Bf5 7. Bd3 Bxd3 8. Qxd3 e6 9. O-O Be7 10. Ne5 Nbd7 11. Bf4 Nxe5 12. Bxe5 Qd7 13. f4 Rd8 14. Ne2 O-O 15. c4 c5 16. Rad1 Ng4 17. Rf3 Nxe5 18. fxe5 f6 19. Rh3 h6 20. Qg6 Qe8 21. Qg3 cxd4 22. Rxh6 Bc5 23. Rd3 fxe5 24. Qxe5 Qe7 25. Rg6 Rf7 26. Rxe6 Bd6 27. Rxe7 Bxe5 28. Rxe5 Rdf8 29. Rf3 Rxf3 30. gxf3 d3 31. Nc3 Rd8 32. Rd5 Rxd5 33. cxd5 d2 34. Kf2 b5 35. Ke2 b4 36. Ne4 Kf7 37. Kxd2 Ke7 38. f4 a5 39. f5 a4 40. h4 b3 41. a3 Kf7 42. h5 Ke7 43. f6+ gxf6 44. h6 Kf7 45. h7 Kg7 46. Nxf6 Kh8 47. d6 Kg7 48. d7 Kxf6 49. h8=Q+ Kg5 50. d8=Q+ Kg4 51. Qhh4+ Kf3 52. Qd5# 1-0

[Event "EYCC Open U8 2018"]
[Site "Riga"]
[Date "2018.08.20"]
[Round "1"]
[White "Filipe, Gustavo Castro"]
[Black "Azadaliyev, Jahandar"]
[Result "0-1"]
[ECO "B17"]
[WhiteElo "1114"]
[BlackElo "1732"]
[Annotator "NA"]
[PlyCount "94"]
[EventDate "2018.08.20"]
[EventType "swiss"]
[EventCountry "LAT"]
[SourceTitle "playchess.com"]
[Source "ChessBase"]
[SourceQuality "1"]
[TimeControl "40/5400+30:1800+30"]

1. e4 c6 2. d4 d5 3. Nc3 dxe4 4. Nxe4 Nd7 5. Nf3 Ngf6 6. Ng3 c5 7. dxc5 e6 8. Be3 Qc7 9. Bd3 Bxc5 10. Bxc5 Qxc5 11. Ne4 Nxe4 12. Bxe4 Nf6 13. Bd3 O-O 14. O-O b6 15. Qe2 Bb7 16. Rad1 Rad8 17. c3 Qh5 18. h3 Bxf3 19. Qxf3 Qxf3 20. gxf3 Nh5 21. Bc2 Nf4 22. Kh2 g6 23. Be4 Kg7 24. Kg3 Ne2+ 25. Kg2 f5 26. Bc2 e5 27. Rfe1 Nf4+ 28. Kg3 Kf6 29. h4 h5 30. Bb3 Rfe8 31. Ba4 Rg8 32. Bb3 Rgf8 33. Bc2 Ne6 34. b4 g5 35. Kh3 Nf4+ 36. Kg3 gxh4+ 37. Kh2 h3 38. Rg1 Rg8 39. Rxg8 Rxg8 40. Rg1 Rg2+ 41. Rxg2 hxg2 42. c4 h4 43. c5 bxc5 44. bxc5 h3 45. Ba4 Ne2 46. Kxh3 g1=Q 47. Kh4 Qh2# 0-1

[Event "EYCC Open U8 2018"]
[Site "Riga"]
[Date "2018.08.20"]
[Round "1"]
[White "Hudak, Michal"]
[Black "Zverev, Lev"]
[Result "0-1"]
[ECO "C44"]
[WhiteElo "1079"]
[BlackElo "1682"]
[Annotator "NA"]
[PlyCount "60"]
[EventDate "2018.08.20"]
[EventType "swiss"]
[EventCountry "LAT"]
[SourceTitle "playchess.com"]
[Source "ChessBase"]
[SourceQuality "1"]
[TimeControl "40/5400+30:1800+30"]

1. e4 e5 2. Nf3 Nc6 3. c4 Bc5 4. Nc3 Nf6 5. Nxe5 Nxe5 6. d4 Bxd4 7. Qxd4 d6 8. c5 Nc6 9. Bb5 O-O 10. Bg5 Nxd4 11. O-O h6 12. Bh4 g5 13. Bg3 Nxb5 14. Nxb5 Nxe4 15. f3 Nxc5 16. Bf2 b6 17. Bd4 Ba6 18. a4 c6 19. Nc3 Bxf1 20. Rxf1 Ne6 21. Be3 d5 22. Ne2 Qe7 23. f4 Ng7 24. Kf2 Nf5 25. Bd2 Qc5+ 26. Kf3 Qc4 27. Bc3 Qe4+ 28. Kf2 Qe3+ 29. Ke1 Rae8 30. Rf2 Qc1# 0-1

[Event "EYCC Open U8 2018"]
[Site "Riga"]
[Date "2018.08.21"]
[Round "2"]
[White "Azadaliyev, Jahandar"]
[Black "Cruceru Uceanu, Tudor Mihai"]
[Result "1-0"]
[ECO "D45"]
[WhiteElo "1732"]
[BlackElo "1257"]
[Annotator "NA RC"]
[PlyCount "53"]
[EventDate "2018.08.20"]
[EventType "swiss"]
[EventCountry "LAT"]
[SourceTitle "playchess.com"]
[Source "ChessBase"]
[SourceQuality "1"]
[TimeControl "40/5400+30:1800+30"]

1. d4 d5 2. c4 c6 3. e3 Nf6 4. Nf3 e6 5. Nc3 Nbd7 6. Qc2 Bd6 7. Bd3 O-O 8. O-O e5 9. cxd5 cxd5 10. e4 dxe4 11. Nxe4 Nxe4 12. Bxe4 h6 13. Rd1 exd4 14. Rxd4 Bc5 15. Rd1 Qb6 16. Rd5 Re8 17. Bf5 Bd6 18. Be3 Rxe3 19. fxe3 Qxe3+ 20. Kh1 Qf4 21. Rd4 Qxd4 22. Nxd4 Be5 23. Re1 f6 24. Qb3+ Kh8 25. Qf7 g6 26. Ne6 gxf5 27. Qg7# 1-0

[Event "EYCC Open U8 2018"]
[Site "Riga"]
[Date "2018.08.21"]
[Round "2"]
[White "Zverev, Lev"]
[Black "Ozen, Ilhami Goktug"]
[Result "0-1"]
[ECO "C13"]
[WhiteElo "1682"]
[BlackElo "1225"]
[Annotator "NA RC"]
[PlyCount "80"]
[EventDate "2018.08.20"]
[EventType "swiss"]
[EventCountry "LAT"]
[SourceTitle "playchess.com"]
[Source "ChessBase"]
[SourceQuality "1"]
[TimeControl "40/5400+30:1800+30"]

1. e4 e6 2. d4 d5 3. Nc3 Nf6 4. Bg5 Be7 5. e5 Nfd7 6. h4 O-O 7. Bd3 f6 8. exf6 Bxf6 9. Bxf6 Qxf6 10. Nf3 c5 11. Nb5 Nc6 12. c3 a6 13. Na3 e5 14. dxe5 Ndxe5 15. Be2 d4 16. Qd2 Bg4 17. Nxe5 Qxf2+ 18. Kd1 Nxe5 19. Bxg4 Nxg4 20. Re1 Ne3+ 21. Kc1 Qxh4 22. Nc2 Rf2 23. Re2 Raf8 24. Nxe3 dxe3 25. Qxe3 Rf1+ 26. Kc2 Rxa1 27. Qe6+ Kh8 28. Qd7 Qd8 29. Qxd8 Rxd8 30. Re7 Rxa2 31. Kb1 Ra4 32. Rxb7 Rg4 33. Ra7 Rxg2 34. Rxa6 h6 35. Rc6 Rd5 36. Rc8+ Kh7 37. Rc7 h5 38. Ka2 h4 39. Kb3 h3 40. Kc4 Rf5 {[%emt 0:00:00] Kd4} 0-1

[Event "EYCC Open U8 2018"]
[Site "Riga"]
[Date "2018.08.21"]
[Round "2"]
[White "Zheng, Harry Z"]
[Black "Vassis, Michail"]
[Result "1/2-1/2"]
[ECO "B03"]
[WhiteElo "1530"]
[BlackElo "1218"]
[Annotator "NA RC"]
[PlyCount "224"]
[EventDate "2018.08.20"]
[EventType "swiss"]
[EventCountry "LAT"]
[SourceTitle "playchess.com"]
[Source "ChessBase"]
[SourceQuality "1"]
[TimeControl "40/5400+30:1800+30"]

1. e4 Nf6 2. e5 Nd5 3. d4 Nc6 4. Nf3 d6 5. Bb5 a6 6. Ba4 Nb6 7. Bb3 dxe5 8. Nxe5 Nxe5 9. dxe5 Qxd1+ 10. Kxd1 Bf5 11. Be3 O-O-O+ 12. Nd2 Nd5 13. Re1 e6 14. f3 Nxe3+ 15. Rxe3 Bc5 16. Re2 h5 17. Ke1 g5 18. Ne4 Be7 19. c3 Rhg8 20. Bc2 Rd5 21. Nf6 Bxf6 22. exf6 Bxc2 23. Rxc2 Rg6 24. Rd1 Rxd1+ 25. Kxd1 Rxf6 26. Rd2 Rf5 27. Ke1 c6 28. Kf2 Ra5 29. a3 Kc7 30. Kg3 Ra4 31. Rd3 f5 32. Rd2 h4+ 33. Kf2 Ra5 34. g3 hxg3+ 35. Kxg3 Re5 36. h4 gxh4+ 37. Kxh4 Re3 38. f4 Re1 39. Kg5 Rf1 40. c4 Rg1+ 41. Kf6 Rf1 42. Kxe6 Rxf4 43. c5 Rc4 44. b4 Rc3 45. Kxf5 Rxa3 46. Rd4 a5 47. Ke4 a4 48. Rd3 Ra1 49. Kd4 a3 50. Kc3 a2 51. Kb2 Rb1+ 52. Kxa2 Rxb4 53. Rc3 Kd7 54. Rd3+ Ke7 55. Re3+ Kf6 56. Ka3 Rc4 57. Rb3 Rxc5 58. Rxb7 Ke5 59. Kb4 Rd5 60. Kc4 Kd6 61. Rh7 Rc5+ 62. Kb4 Rc1 63. Rh6+ Kc7 64. Rh3 Kb6 65. Rb3 c5+ 66. Ka3+ Kc6 67. Kb2 Rh1 68. Rg3 Rh2+ 69. Kc3 Kb5 70. Rg4 Rh3+ 71. Kc2 c4 72. Rg2 Kb4 73. Kb2 Rb3+ 74. Kc2 Ra3 75. Kb2 c3+ 76. Kb1 Kb3 77. Rb2+ Kc4 78. Rh2 Kb4 79. Rg2 Rb3+ 80. Ka2 Ra3+ 81. Kb1 Ra5 82. Rh2 Rd5 83. Kc2 Rd4 84. Rg2 Kc4 85. Rh2 Kb4 86. Rg2 Rh4 87. Rf2 Kc4 88. Rg2 Kd4 89. Rf2 Rg4 90. Rh2 Rf4 91. Rg2 Re4 92. Rh2 Re3 93. Rh4+ Kd5 94. Rh5+ Ke4 95. Rh4+ Kd5 96. Rh5+ Kc4 97. Rh4+ Kb5 98. Rh5+ Kb4 99. Rh4+ Ka3 100. Rc4 Re1 101. Rxc3+ Kb4 102. Rb3+ Ka4 103. Rb1 Re2+ 104. Kd3 Rh2 105. Kc4 Rh4+ 106. Kc3 Rg4 107. Rb8 Rg7 108. Kc4 Rc7+ 109. Kd5 Ka5 110. Kd6 Rc2 111. Kd5 Rd2+ 112. Kc4 Rc2+ 1/2-1/2

[Event "EYCC Open U8 2018"]
[Site "Riga"]
[Date "2018.08.21"]
[Round "2"]
[White "Akulov, Yaroslav"]
[Black "Hajdu, Marton Abris"]
[Result "0-1"]
[ECO "B30"]
[WhiteElo "1242"]
[BlackElo "1694"]
[Annotator "NA RC"]
[PlyCount "50"]
[EventDate "2018.08.20"]
[EventType "swiss"]
[EventCountry "LAT"]
[SourceTitle "playchess.com"]
[Source "ChessBase"]
[SourceQuality "1"]
[TimeControl "40/5400+30:1800+30"]

1. e4 c5 2. Nf3 Nc6 3. c3 d5 4. exd5 Qxd5 5. d4 cxd4 6. cxd4 e5 7. Nc3 Bb4 8. Be2 exd4 9. O-O Qd8 10. Ne4 Nge7 11. Qb3 Bf5 12. Neg5 O-O 13. Bc4 Bg6 14. a3 Ba5 15. Rd1 Bb6 16. Be3 Na5 17. Qb4 Nec6 18. Qb5 Qc7 19. b4 Nxc4 20. Qxc4 dxe3 21. Rac1 exf2+ 22. Kf1 Rad8 23. Rxd8 Rxd8 24. b5 Na5 25. Qxc7 Bd3# 0-1

[Event "EYCC Open U8 2018"]
[Site "Riga"]
[Date "2018.08.21"]
[Round "2"]
[White "La Barbera, Manfredi"]
[Black "Golovchenko, Bogdan"]
[Result "0-1"]
[ECO "B31"]
[WhiteElo "1212"]
[BlackElo "1560"]
[Annotator "NA RC"]
[PlyCount "80"]
[EventDate "2018.08.20"]
[EventType "swiss"]
[EventCountry "LAT"]
[SourceTitle "playchess.com"]
[Source "ChessBase"]
[SourceQuality "1"]
[TimeControl "40/5400+30:1800+30"]

1. e4 c5 2. Nf3 Nc6 3. Bb5 g6 4. c3 Bg7 5. O-O d6 6. d4 cxd4 7. cxd4 Bd7 8. Nc3 Nf6 9. h3 a6 10. Bc4 b5 11. Bb3 b4 12. e5 dxe5 13. dxe5 bxc3 14. exf6 Bxf6 15. bxc3 Bg7 16. Bd2 O-O 17. Rb1 Rc8 18. Rc1 Na7 19. Nd4 e5 20. Ne2 a5 21. a4 Qc7 22. Re1 Rfd8 23. Qc2 Bf5 24. Qa2 Rd7 25. Ng3 Bd3 26. Rcd1 Rcd8 27. f3 Rb8 28. Re3 Qb6 29. Bc4 Bxc4 30. Qxc4 Bh6 31. Nf1 Rxd2 32. Rxd2 Bxe3+ 33. Nxe3 Qxe3+ 34. Rf2 Rb1+ 35. Kh2 Qxf2 36. Qc7 Rb2 37. Qd8+ Kg7 38. Qg5 f6 39. Qg4 Rd2 40. h4 h5 0-1

[Event "EYCC Open U8 2018"]
[Site "Riga"]
[Date "2018.08.22"]
[Round "3"]
[White "Hajdu, Marton Abris"]
[Black "Gordeev, Denis"]
[Result "0-1"]
[ECO "B40"]
[WhiteElo "1694"]
[BlackElo "1333"]
[Annotator "NA"]
[PlyCount "61"]
[EventDate "2018.08.20"]
[EventType "swiss"]
[EventCountry "LAT"]
[SourceTitle "playchess.com"]
[Source "ChessBase"]
[SourceQuality "1"]
[TimeControl "40/5400+30:1800+30"]

1. e4 c5 2. Nf3 e6 3. d4 cxd4 4. Nxd4 Nf6 5. Bd3 Nc6 6. Be3 d5 7. Nxc6 bxc6 8. e5 Nd7 9. f4 Be7 10. Qg4 O-O 11. h4 Nc5 12. Bxc5 Bxc5 13. Qh5 g6 14. Qf3 Qb6 15. b3 Ba6 16. h5 Bxd3 17. Qxd3 Qb4+ 18. Qd2 Qe4+ 19. Kd1 Be3 20. Nc3 Qxf4 21. Qe1 d4 22. hxg6 fxg6 23. Ne2 Qxe5 24. Qh4 Qg7 25. Ng3 d3 26. c3 Rf7 27. Qe4 Qxc3 28. Qxe3 Qxa1+ 29. Kd2 Qxa2+ 30. Ke1 Qxb3 31. Nh5 0-1

[Event "EYCC Open U8 2018"]
[Site "Riga"]
[Date "2018.08.22"]
[Round "3"]
[White "Golovchenko, Bogdan"]
[Black "Uskov, Artem"]
[Result "0-1"]
[ECO "C52"]
[WhiteElo "1560"]
[BlackElo "1320"]
[Annotator "NA"]
[PlyCount "90"]
[EventDate "2018.08.20"]
[EventType "swiss"]
[EventCountry "LAT"]
[SourceTitle "playchess.com"]
[Source "ChessBase"]
[SourceQuality "1"]
[TimeControl "40/5400+30:1800+30"]

1. e4 e5 2. Nf3 Nc6 3. Bc4 Bc5 4. b4 Bxb4 5. c3 Ba5 6. d4 exd4 7. O-O Nge7 8. Ng5 Ne5 9. Bb3 d5 10. cxd4 Nc4 11. Bxc4 dxc4 12. Qa4+ c6 13. Qxc4 O-O 14. f4 b5 15. Qd3 Bb6 16. Bb2 h6 17. Nf3 f5 18. e5 Be6 19. Nbd2 Nd5 20. Ne1 a6 21. Rc1 Rc8 22. a4 Nb4 23. Qe3 Nd5 24. Qf2 Nb4 25. Kh1 Re8 26. Nc2 Nd3 27. Qe3 Nxb2 28. axb5 cxb5 29. h3 Nc4 30. Nxc4 Rxc4 31. Rfd1 Qd7 32. Qd3 Bd5 33. Qa3 Bb7 34. Qd3 Be4 35. Qb3 Kh7 36. d5 Rec8 37. d6 Rxc2 38. e6 Rxg2 39. Qb4 Rxc1 40. Rxc1 Qxd6 41. Qxe4 fxe4 42. Kxg2 Qxe6 43. f5 Qxf5 44. Rc3 Qf2+ 45. Kh1 Qg1# 0-1

[Event "EYCC Open U8 2018"]
[Site "Riga"]
[Date "2018.08.22"]
[Round "3"]
[White "Yonal, Timur"]
[Black "Derbenev, Arseniy"]
[Result "1-0"]
[ECO "C00"]
[WhiteElo "1446"]
[BlackElo "1307"]
[Annotator "NA"]
[PlyCount "59"]
[EventDate "2018.08.20"]
[EventType "swiss"]
[EventCountry "LAT"]
[SourceTitle "playchess.com"]
[Source "ChessBase"]
[SourceQuality "1"]
[TimeControl "40/5400+30:1800+30"]

1. e4 e6 2. d3 d5 3. Nd2 Nc6 4. g3 Nf6 5. Bg2 Be7 6. Ne2 O-O 7. O-O d4 8. Nb3 e5 9. f4 Bd6 10. f5 Be7 11. h3 Nd7 12. Kh2 Nb6 13. Bf3 f6 14. h4 Bd7 15. h5 h6 16. Ng1 Bd6 17. Bg4 Ne7 18. Nf3 c5 19. Nh4 c4 20. Nd2 cxd3 21. cxd3 Kh8 22. Ng6+ Nxg6 23. hxg6 Rc8 24. Nb3 Na8 25. Kg2 a5 26. Rh1 Rg8 27. Bxh6 gxh6 28. Qd2 Rxg6 29. fxg6 Kg8 30. Qxh6 1-0

[Event "EYCC Open U8 2018"]
[Site "Riga"]
[Date "2018.08.22"]
[Round "3"]
[White "Lebedev, Artem S"]
[Black "Azadaliyev, Jahandar"]
[Result "1/2-1/2"]
[ECO "B12"]
[WhiteElo "1334"]
[BlackElo "1732"]
[Annotator "NA"]
[PlyCount "186"]
[EventDate "2018.08.20"]
[EventType "swiss"]
[EventCountry "LAT"]
[SourceTitle "playchess.com"]
[Source "ChessBase"]
[SourceQuality "1"]
[TimeControl "40/5400+30:1800+30"]

1. e4 c6 2. d4 d5 3. f3 dxe4 4. fxe4 e5 5. Nf3 Be6 6. Be3 Nf6 7. Bd3 Nbd7 8. O-O Bd6 9. Nbd2 Qc7 10. Qe1 O-O-O 11. c4 exd4 12. Bxd4 Ng4 13. Qh4 Nge5 14. Be2 c5 15. Be3 h6 16. Nxe5 Nxe5 17. b4 Ng6 18. Qh5 Bf4 19. Qf3 Bxh2+ 20. Kh1 Be5 21. Rab1 h5 22. bxc5 h4 23. c6 Qxc6 24. Rb5 h3 25. g3 Bd4 26. Nb3 Ne5 27. Nxd4 Nxf3 28. Nxc6 bxc6 29. Rb4 Nd2 30. Bxd2 Rxd2 31. Rfb1 Kc7 32. e5 Rxe2 33. Rb7+ Kd8 34. Rxa7 Rd2 35. a4 h2 36. Rb8+ Bc8 37. Rxc8+ Kxc8 38. Ra8+ Kd7 39. Rxh8 Ra2 40. Rh7 Rxa4 41. Rxg7 Ke6 42. Kxh2 Rxc4 43. Kg2 Re4 44. Kf3 Rxe5 45. Kf4 Re1 46. Rg8 Kf6 47. Rc8 Rc1 48. Kg4 Rc4+ 49. Kh5 Rc5+ 50. Kg4 Rc1 51. Kf4 Rc4+ 52. Kf3 c5 53. Ke3 Ke5 54. Kd3 Rd4+ 55. Kc3 Ke4 56. Rxc5 Rd3+ 57. Kc2 Rxg3 58. Kd2 Rg2+ 59. Ke1 f5 60. Kf1 Ra2 61. Rc3 f4 62. Rb3 Rh2 63. Ra3 Rb2 64. Rc3 Rb8 65. Kf2 Rh8 66. Rb3 Rh2+ 67. Kf1 Kd4 68. Ra3 Rb2 69. Rf3 Rb1+ 70. Kf2 Rb2+ 71. Kf1 Rb1+ 72. Kf2 Ke4 73. Ra3 Rb8 74. Rc3 Re8 75. Ra3 Rc8 76. Rb3 Rc2+ 77. Kf1 Ra2 78. Rc3 Kf5 79. Rb3 Kg4 80. Rc3 Kg5 81. Rb3 Kh4 82. Rc3 Kg4 83. Rb3 Ra1+ 84. Kf2 Rh1 85. Rc3 Rh2+ 86. Kf1 f3 87. Rc8 Rh5 88. Rg8+ Rg5 89. Rxg5+ Kxg5 90. Kf2 Kf4 91. Kf1 Kg3 92. Kg1 f2+ 93. Kf1 Kf3 1/2-1/2

[Event "EYCC Open U8 2018"]
[Site "Riga"]
[Date "2018.08.22"]
[Round "3"]
[White "Zmarzly, Wiktor"]
[Black "Averin, Nikolay"]
[Result "0-1"]
[ECO "D35"]
[WhiteElo "1305"]
[BlackElo "1438"]
[Annotator "NA"]
[PlyCount "84"]
[EventDate "2018.08.20"]
[EventType "swiss"]
[EventCountry "LAT"]
[SourceTitle "playchess.com"]
[Source "ChessBase"]
[SourceQuality "1"]
[TimeControl "40/5400+30:1800+30"]

1. d4 d5 2. c4 e6 3. Nc3 Nf6 4. cxd5 exd5 5. Bg5 Nbd7 6. e3 c6 7. Bd3 Bd6 8. Qc2 Nf8 9. Nge2 Ng6 10. e4 dxe4 11. Bxe4 O-O 12. Rd1 a6 13. d5 c5 14. Na4 Re8 15. Bxg6 hxg6 16. O-O b5 17. Nac3 Bf5 18. Qc1 b4 19. Na4 Rxe2 20. Be3 Bc2 21. h3 Bxa4 22. Rd3 Bb5 23. Rdd1 Rc8 24. b3 Qa5 25. Rd2 Rxd2 26. Qxd2 Bxf1 27. Kxf1 Qb5+ 28. Qe2 Nxd5 29. Qxb5 axb5 30. g4 Ra8 31. h4 Rxa2 32. h5 Rb2 33. hxg6 fxg6 34. g5 Rxb3 35. Ke2 c4 36. Kd2 Rb2+ 37. Kc1 c3 38. Ba7 b3 39. f4 Bxf4+ 40. Be3 Bxe3+ 41. Kd1 Nf4 42. Ke1 Rb1# 0-1

[Event "EYCC Open U8 2018"]
[Site "Riga"]
[Date "2018.08.23"]
[Round "4"]
[White "Azadaliyev, Jahandar"]
[Black "Durucay, Uygar"]
[Result "1-0"]
[ECO "D35"]
[WhiteElo "1732"]
[BlackElo "1263"]
[Annotator "NA RC"]
[PlyCount "117"]
[EventDate "2018.08.20"]
[EventType "swiss"]
[EventCountry "LAT"]
[SourceTitle "playchess.com"]
[Source "ChessBase"]
[SourceQuality "1"]
[TimeControl "40/5400+30:1800+30"]

1. d4 e6 2. c4 d5 3. Nc3 Nf6 4. cxd5 exd5 5. Bg5 c6 6. e3 Nbd7 7. Bd3 Be7 8. Nge2 O-O 9. Qc2 Re8 10. O-O Nf8 11. f3 Be6 12. a3 Rc8 13. b4 a6 14. Rab1 Qc7 15. a4 Ng6 16. f4 Ng4 17. Bxe7 Nxe3 18. Qc1 Nxf1 19. Bxg6 Rxe7 20. Bd3 Nxh2 21. Kxh2 Rce8 22. Ng3 Bg4 23. Bf5 h5 24. Bxg4 hxg4 25. Qd2 Re6 26. Rf1 Rh6+ 27. Kg1 Qd8 28. Kf2 Qf6 29. Kg1 Rh4 30. Kf2 Rh6 31. Kg1 Rh4 32. Kf2 Qh6 33. Nf5 g3+ 34. Kxg3 Qg6+ 35. Kxh4 Qxf5 36. g4 Qh7+ 37. Kg3 Re6 38. f5 Rh6 39. Qg2 Rh4 40. Nd1 Qh6 41. Re1 Qg5 42. Nf2 Rh6 43. Nd3 Rh4 44. Qf3 Qh6 45. Nf4 Rh2 46. Nh5 Rb2 47. Re8+ Kh7 48. Qf4 Rb3+ 49. Kh4 Qxf4 50. Nxf4 Rxb4 51. Nh3 f6 52. g5 Rxd4+ 53. Kh5 g6+ 54. fxg6+ Kg7 55. Re7+ Kf8 56. gxf6 Re4 57. g7+ Kg8 58. Kg6 Rg4+ 59. Ng5 1-0

[Event "EYCC Open U8 2018"]
[Site "Riga"]
[Date "2018.08.23"]
[Round "4"]
[White "Zheng, Harry Z"]
[Black "Yasmo, Daniil"]
[Result "0-1"]
[ECO "B01"]
[WhiteElo "1530"]
[BlackElo "1261"]
[Annotator "NA RC"]
[PlyCount "120"]
[EventDate "2018.08.20"]
[EventType "swiss"]
[EventCountry "LAT"]
[SourceTitle "playchess.com"]
[Source "ChessBase"]
[SourceQuality "1"]
[TimeControl "40/5400+30:1800+30"]

1. e4 d5 2. exd5 Qxd5 3. Nc3 Qa5 4. Bc4 e6 5. d3 Nf6 6. Nf3 Be7 7. Bd2 Qb6 8. O-O O-O 9. Qe2 c5 10. Bb3 Nc6 11. Ne4 Nd4 12. Nxd4 cxd4 13. Bg5 Qd8 14. Nxf6+ Bxf6 15. Bxf6 Qxf6 16. Qe4 Rd8 17. a4 Qg6 18. Qf3 Rb8 19. Qf4 Bd7 20. f3 Bc6 21. a5 Qf6 22. Qxf6 gxf6 23. Ba4 Rbc8 24. Bxc6 Rxc6 25. Rfc1 Rdc8 26. Ra4 Rxc2 27. Rxc2 Rxc2 28. Rb4 Rc7 29. Rxd4 Rc1+ 30. Kf2 Rc2+ 31. Kg3 Rxb2 32. Rd7 Rb5 33. a6 bxa6 34. Rxa7 Ra5 35. Kf4 Ra4+ 36. Ke3 Ra2 37. g3 Ra3 38. f4 Kg7 39. Kd4 h5 40. Kc5 Kg6 41. Kb6 Rxd3 42. Rxa6 Rd6+ 43. Kb5 Rxa6 44. Kxa6 e5 45. fxe5 fxe5 46. Kb5 Kf5 47. Kc4 Ke4 48. h4 f5 49. Kc5 f4 50. g4 f3 51. g5 f2 52. g6 f1=Q 53. g7 Qf7 54. Kb4 Qxg7 55. Kc3 Qd7 56. Kc4 Qc6+ 57. Kb4 Kd3 58. Ka5 Qb7 59. Ka4 Kc4 60. Ka3 Qb3# 0-1

[Event "EYCC Open U8 2018"]
[Site "Riga"]
[Date "2018.08.23"]
[Round "4"]
[White "Villa Tornero, Alex"]
[Black "Hasanli, Ziya"]
[Result "1/2-1/2"]
[ECO "A02"]
[WhiteElo "1394"]
[BlackElo "1188"]
[Annotator "NA RC"]
[PlyCount "80"]
[EventDate "2018.08.20"]
[EventType "swiss"]
[EventCountry "LAT"]
[SourceTitle "playchess.com"]
[Source "ChessBase"]
[SourceQuality "1"]
[TimeControl "40/5400+30:1800+30"]

1. f4 Nf6 2. e3 e6 3. Nf3 d5 4. b3 c5 5. Bb2 Nc6 6. Bb5 Bd7 7. Bxc6 Bxc6 8. Ne5 Be7 9. O-O d4 10. exd4 cxd4 11. d3 Qd5 12. Qf3 Qxf3 13. Nxf3 Bxf3 14. Rxf3 Rd8 15. Nd2 Bc5 16. f5 O-O 17. fxe6 fxe6 18. Re1 Rfe8 19. Ne4 Nxe4 20. Rxe4 e5 21. Rf5 Bd6 22. Re2 g6 23. Rf1 Bf8 24. Bc1 Bc5 25. Kh1 Rf8 26. Ref2 Rxf2 27. Rxf2 e4 28. Kg1 e3 29. Rf3 Bb4 30. Kf1 Bc3 31. Ke2 Rf8 32. Ba3 Rxf3 33. Kxf3 Kf7 34. Bc5 b6 35. Bd6 Ke6 36. Bb8 a6 37. Bc7 b5 38. g4 g5 39. Bd8 h6 40. h4 gxh4 1/2-1/2

[Event "EYCC Open U8 2018"]
[Site "Riga"]
[Date "2018.08.23"]
[Round "4"]
[White "Gordeev, Denis"]
[Black "Yonal, Timur"]
[Result "1-0"]
[ECO "A45"]
[WhiteElo "1333"]
[BlackElo "1446"]
[Annotator "NA RC"]
[PlyCount "107"]
[EventDate "2018.08.20"]
[EventType "swiss"]
[EventCountry "LAT"]
[SourceTitle "playchess.com"]
[Source "ChessBase"]
[SourceQuality "1"]
[TimeControl "40/5400+30:1800+30"]

1. d4 Nf6 2. Nc3 d5 3. Bf4 g6 4. e3 Bg7 5. h4 Nh5 6. Bh2 f5 7. Nf3 c6 8. Be2 Nf6 9. Ne5 Nfd7 10. Nd3 h5 11. Bf3 Nf8 12. Ne2 Be6 13. Nef4 Nbd7 14. c3 Bf7 15. Qc2 Ne6 16. b3 Nxf4 17. Bxf4 Nf6 18. Be5 Rg8 19. Rc1 Ne4 20. Bxg7 Rxg7 21. Ne5 e6 22. Bxe4 fxe4 23. Qe2 Qe7 24. c4 a5 25. c5 Kd8 26. a3 Kc7 27. Qb2 Rgg8 28. g3 Ra6 29. Ke2 g5 30. Rcf1 Be8 31. Qc3 a4 32. b4 gxh4 33. Rxh4 Rg5 34. Qd2 Ra8 35. Ke1 Qg7 36. Kd1 Bg6 37. Nxg6 Qxg6 38. Rfh1 Rf8 39. Ke1 Rgf5 40. R1h2 R8f6 41. Qe2 Rf3 42. Rxh5 Rf7 43. Rh8 Qf6 44. b5 Rf8 45. R2h7+ Kc8 46. Rxf8+ Qxf8 47. bxc6 Rf7 48. cxb7+ Kb8 49. Qa6 Kc7 50. Rxf7+ Qxf7 51. Qa7 Kc6 52. b8=Q Qxf2+ 53. Kxf2 e5 54. Qac7# 1-0

[Event "EYCC Open U8 2018"]
[Site "Riga"]
[Date "2018.08.23"]
[Round "4"]
[White "Uskov, Artem"]
[Black "Averin, Nikolay"]
[Result "0-1"]
[ECO "D51"]
[WhiteElo "1320"]
[BlackElo "1438"]
[Annotator "NA RC"]
[PlyCount "132"]
[EventDate "2018.08.20"]
[EventType "swiss"]
[EventCountry "LAT"]
[SourceTitle "playchess.com"]
[Source "ChessBase"]
[SourceQuality "1"]
[TimeControl "40/5400+30:1800+30"]

1. d4 d5 2. c4 e6 3. Nc3 Nf6 4. Bg5 Nbd7 5. e3 c6 6. cxd5 exd5 7. Bd3 Bd6 8. Qc2 Nf8 9. Nf3 Ng6 10. O-O O-O 11. Rab1 h6 12. Bxg6 fxg6 13. Bh4 Bf5 14. Qb3 Bxb1 15. Rxb1 Qb6 16. Qc2 g5 17. Bg3 Bxg3 18. hxg3 Rae8 19. Ne5 Qd8 20. b4 Nd7 21. Nxd7 Qxd7 22. a4 Rb8 23. b5 Rfc8 24. Qb3 Kh8 25. Qa3 Qc7 26. Qc5 cxb5 27. Qxc7 Rxc7 28. Nxb5 Rd7 29. a5 Ra8 30. Nc3 Kg8 31. Na4 g6 32. Nc5 Re7 33. Nxb7 Rb8 34. a6 Rc7 35. Rb5 Rd7 36. Kf1 Kf8 37. Ke2 Ke7 38. Kd3 g4 39. f3 h5 40. e4 gxf3 41. gxf3 Rf8 42. f4 h4 43. gxh4 Rxf4 44. Nc5 dxe4+ 45. Ke3 Rxh4 46. Rb7 Rh3+ 47. Ke2 Rh2+ 48. Ke3 Rxb7 49. axb7 Rb2 50. Kxe4 Kd6 51. Kd3 Kc7 52. Ne6+ Kxb7 53. d5 Rb6 54. Nc5+ Kc7 55. Kd4 g5 56. Ke5 g4 57. Ne4 Kd7 58. Nc5+ Ke7 59. Ne4 Rg6 60. d6+ Kd8 61. Ng3 a5 62. Nf5 g3 63. Nd4 g2 64. Nf3 g1=Q 65. Nxg1 Rxg1 66. Kd4 Rb1 0-1